 Dungeon Crawl Stone Soup version 0.31-a0-667-g39726597b9 (webtiles) character file.

Game seed: 12232719258816569793

2154952 GordonOverkill the Impregnable (level 26, 267/267 HPs)
             Began as an Armataur Delver on Sept 1, 2023.
             Was a High Priest of Wu Jian.
             Escaped with the Orb
             ... and 4 runes on Sept 3, 2023!
             The game lasted 03:57:14 (78825 turns).

GordonOverkill the Impregnable (Armataur Delver)   Turns: 78825, Time: 03:57:14

Health: 267/267    AC: 63    Str: 29    XL:     26   Next: 60%
Magic:  23/23      EV:  9    Int: 13    God:    Wu Jian [*****.]
Gold:   2260       SH: 29    Dex: 14    Spells: 25/25 levels left

rFire   + + .        a - +9 eveningstar (holy)
rCold   + + .        L - +2 tower shield
rNeg    + . .        N - +10 gold dragon scales of Mawel {Rampage rPois rF+ rC+ rN+}
rPois   +            S - +0 hat "Opnaoluk" {Rampage rC+ Int+2}
rElec   .            i - +2 cloak {Will+}
rCorr   .            W - +2 pair of gloves
SInv    +            Z - +4 barding of Modesty {+Inv}
Will    ++...        A - amulet of reflection Stlth
                     P - +4 ring of protection
HPRegen 0.64/turn    R - +4 ring of protection
MPRegen 0.18/turn

%: reflection
@: studying 2 skills
A: large, rugged brown scales 3, deformed body, armoured tail, (roll), long
tongue, awkward tongue, iridescent scales 1, see invisible, fire resistance 1,
strong 1
0: Orb of Zot
}: 4/15 runes: decaying, serpentine, silver, abyssal
a: Renounce Religion, Evoke Invisibility, Wall Jump, Serpent's Lash, Heavenly
Storm


You escaped.
You worshipped Wu Jian.
Wu Jian was extremely pleased with you.
You visited 9 branches of the dungeon, and saw 47 of its levels.
You visited the Abyss 1 time.
You also visited: Trove, Sewer, Ossuary and Ice Cave.

You collected 9552 gold pieces.
You spent 7292 gold pieces at shops.

Inventory:

Hand Weapons
 a - a +9 eveningstar of holy wrath (weapon)
 b - a +9 eveningstar of electrocution
Missiles
 m - 10 curare-tipped darts
 F - 8 silver javelins (quivered)
 H - 14 javelins
Armour
 i - a +2 cloak of willpower (worn)
 L - a +2 tower shield (worn)
 N - the +10 gold dragon scales of Mawel (worn) {Rampage rPois rF+ rC+ rN+}
   (You bought it in a shop on level 5 of the Dungeon)

   rF+:       It protects you from fire.
   rC+:       It protects you from cold.
   rPois:     It protects you from poison rN+: It protects you from negative
   energy.
   Rampage:   It bestows one free step when moving towards enemies.
 S - the +0 hat "Opnaoluk" (worn) {Rampage rC+ Int+2}
   (You found it on level 7 of the Dungeon)

   Int+2:     It affects your intelligence (+2).
   rC+:       It protects you from cold.
   Rampage:   It bestows one free step when moving towards enemies.
 W - a +2 pair of gloves (worn)
 Z - the +4 barding of Modesty (worn) {+Inv}
   (You found it on level 4 of the Vaults)

   +Inv:      It lets you turn invisible.
Jewellery
 A - an amulet of reflection (around neck)
 P - a +4 ring of protection (left hand)
 R - a +4 ring of protection (right hand)
 V - the amulet "Ohumeati" {Faith rElec}
   (You took it off a tengu reaver on level 5 of the Vaults)

   [amulet of faith]

   Faith:     It allows you to gain divine favour quickly.
   rElec:     It insulates you from electricity.
 Y - a ring of see invisible
Wands
 e - a wand of flame (19)
 g - a wand of digging (9)
 s - a wand of roots (44)
 I - a wand of mindburst (34)
 J - a wand of quicksilver (4)
 K - a wand of charming (31)
Scrolls
 c - 10 scrolls of fog
 d - a scroll of silence
 h - 5 scrolls of vulnerability
 o - 5 scrolls of teleportation
 u - a scroll of blinking
 x - 7 scrolls of poison
 z - 28 scrolls of identify
 C - 6 scrolls of fear
 E - 2 scrolls of butterflies
 Q - 3 scrolls of immolation
Potions
 f - 4 potions of haste
 j - 15 potions of lignification
 k - 5 potions of curing
 l - 10 potions of mutation
 p - 4 potions of might
 v - 8 potions of heal wounds
 w - 3 potions of berserk rage
 B - a potion of resistance
 G - 3 potions of ambrosia
 M - a potion of invisibility
 X - a potion of cancellation
Miscellaneous
 n - a sack of spiders
 r - a phial of floods
 t - a condenser vane
 D - a lightning rod (4/4)
 T - a phantom mirror


   Skills:
 - Level 23.0 Fighting
 - Level 16.0 Maces & Flails
 - Level 18.0 Throwing
 + Level 24.8 Armour
 - Level 16.0 Dodging
 - Level 5.4 Stealth
 - Level 22.0 Shields
 - Level 10.0 Evocations


You had 25 spell levels left.
You didn't know any spells.
Your spell library contained the following spells:

 Spells                   Type           Power      Damage    Failure   Level
 Apportation              Tloc           0%         N/A       96%         1
 Kiss of Death            Conj/Necr      0%         2d5       96%         1
 Magic Dart               Conj           0%         1d3       96%         1
 Necrotise                Necr           0%         1d4       96%         1
 Sandblast                Erth           0%         2d4       96%         1
 Shock                    Conj/Air       0%         1d3       96%         1
 Slow                     Hex            0%         N/A       96%         1
 Sting                    Tmut/Pois      0%         1d3       96%         1
 Summon Small Mammal      Summ           0%         N/A       96%         1
 Blink                    Tloc           0%         N/A       99%         2
 Cigotuvi's Dreadful Rot  Necr/Pois/Air  0%         N/A       99%         2
 Ensorcelled Hibernation  Hex/Ice        0%         N/A       99%         2
 Lesser Beckoning         Tloc           0%         N/A       99%         2
 Momentum Strike          Conj/Tloc      0%         3d8       99%         2
 Passwall                 Tmut/Erth      0%         N/A       99%         2
 Poisonous Vapours        Pois/Air       0%         N/A       99%         2
 Scorch                   Fire           0%         2d5       99%         2
 Sublimation of Blood     Necr           0%         N/A       99%         2
 Call Canine Familiar     Summ           0%         N/A       100%        3
 Confusing Touch          Hex            0%         N/A       100%        3
 Dazzling Flash           Conj/Hex       0%         N/A       100%        3
 Frozen Ramparts          Ice            0%         1d1       100%        3
 Gell's Gravitas          Tloc           0%         N/A       100%        3
 Hailstorm                Conj/Ice       0%         3d3       100%        3
 Ignite Poison            Fire/Tmut/Pois 0%         N/A       100%        3
 Inner Flame              Hex/Fire       0%         N/A       100%        3
 Mephitic Cloud           Conj/Pois/Air  0%         N/A       100%        3
 Portal Projectile        Hex/Tloc       0%         N/A       100%        3
 Stone Arrow              Conj/Erth      0%         3d7       100%        3
 Summon Guardian Golem    Hex/Summ       0%         N/A       100%        3
 Swiftness                Air            0%         N/A       100%        3
 Teleport Other           Tloc           0%         N/A       100%        3
 Tukima's Dance           Hex            0%         N/A       100%        3
 Vampiric Draining        Necr           0%         2d6       100%        3
 Volatile Blastmotes      Fire/Tloc      0%         2d10      100%        3
 Airstrike                Air            0%         2d(0-16)  100%        4
 Flame Wave               Conj/Fire      0%         2d4       100%        4
 Fulminant Prism          Conj/Hex       0%         3d5       100%        4
 Iskenderun's Mystic Bla  Conj/Tloc      0%         2d3       100%        4
 Leda's Liquefaction      Hex/Erth       0%         N/A       100%        4
 Petrify                  Tmut/Erth      0%         N/A       100%        4
 Sticky Flame             Conj/Fire      0%         2d3       100%        4
 Summon Ice Beast         Ice/Summ       0%         N/A       100%        4
 Vhi's Electric Charge    Tloc/Air       0%         N/A       100%        4
 Agony                    Necr           0%         N/A       100%        5
 Alistair's Intoxication  Tmut/Pois      0%         N/A       100%        5
 Arcjolt                  Conj/Air       0%         1d10      100%        5
 Fireball                 Conj/Fire      0%         3d3       100%        5
 Freezing Cloud           Conj/Ice/Air   0%         6-21      100%        5
 Irradiate                Conj/Tmut      0%         3d11      100%        5
 Iskenderun's Battlesphe  Conj           0%         2d6       100%        5
 Metabolic Englaciation   Hex/Ice        0%         N/A       100%        5
 Silence                  Hex/Air        0%         N/A       100%        5
 Summon Forest            Summ/Tloc      0%         N/A       100%        5
 Summon Mana Viper        Hex/Summ       0%         N/A       100%        5
 Yara's Violent Unravell  Hex/Tmut       0%         3d3       100%        5
 Conjure Ball Lightning   Conj/Air       0%         3x3d6     100%        6
 Death Channel            Necr           0%         N/A       100%        6
 Dispersal                Tloc           0%         N/A       100%        6
 Leda's Unmaking          Conj/Erth      0%         9d1       100%        6
 Plasma Beam              Fire/Air       0%         2x1d10    100%        6
 Starburst                Conj/Fire      0%         6d3       100%        6
 Summon Cactus Giant      Summ           0%         N/A       100%        6
 Haunt                    Necr/Summ      0%         N/A       100%        7
 Monstrous Menagerie      Summ           0%         N/A       100%        7
 Borgnjor's Revivificati  Necr           0%         N/A       100%        8
 Discord                  Hex            0%         N/A       100%        8
 Disjunction              Tloc           0%         N/A       100%        8
 Ignition                 Fire           0%         3d3       100%        8
 Maxwell's Capacitive Co  Air            0%         ∞         100%        8
 Summon Horrible Things   Summ           0%         N/A       100%        8
 Death's Door             Necr           0%         N/A       100%        9


Dungeon Overview and Level Annotations

Branches:
Dungeon (15/15)            Temple (0/1) D:6            Lair (5/5) D:10
  Swamp (4/4) Lair:3        Snake (4/4) Lair:2        Slime (0/5) Lair:5
    Orc (2/2) D:11            Elf (3/3) Orc:2        Vaults (5/5) D:14
  Crypt (0/3) Vaults:2     Depths (4/4) D:15            Zot (5/5) Depths:4
  Sewer (visited)         Ossuary (visited)           IceCv (visited)

Altars:
Ashenzari
Dithmenos
Fedhas
Gozag
Hepliaklqana
Kikubaaqudgha
Makhleb
Nemelex Xobeh
Qazlal
Ru
Sif Muna
Uskayaw
Vehumet
Wu Jian
Xom
Yredelemnul
Zin
The Shining One
Jiyva

Shops:
D:5 [   Orc:1 =   Orc:2 !!*[(   Elf:3 [   Snake:1 ([   Snake:4 :   Vaults:2 *
Depths:2 [*!*(

Portals:
Hell: Depths:1 Depths:2 Depths:3 Depths:4
Abyss: Depths:3 Depths:4
Pandemonium: Depths:1 Depths:2
Ziggurat: Depths:2

Annotations:
Zot:2 2 transporters


Innate Abilities, Weirdness & Mutations

You are completely covered in rugged brown scales. (AC +3, +7% HP)
Armour fits poorly on your strangely shaped body.
You have a long armoured tail.
((You roll when moving toward enemies. (Rampage)))
Your long tongue fully drains potion bottles. (2x potion effects)
Your tongue gives you trouble enunciating. (1.5x scroll delay)
You are partially covered in iridescent scales. (AC +2)
You have supernaturally acute eyesight. (SInv)
Your flesh is heat resistant. (rF+)
Your muscles are strong. (Str +4, Int/Dex -1)


Message History

A soul eater comes into view.
Things that are here:
4 stones; a +0 dagger
There is a stone staircase leading up, spattered with blood here.
You climb upwards.
There is a stone staircase leading down, spattered with blood here.
What level of the Dungeon? (default 1, ? - help)
Things that are here:
a +0 dagger; a +0 whip
Items here: ))) [.
You see here a +0 spear.
You see here a +0 spear.
You see here a +0 halberd.
Things that are here:
a +0 leather armour; a +0 club
Things that are here:
a +0 leather armour; a +0 club
There is an escape hatch in the ceiling here.
A mysterious force pulls you upwards. The hatch slams shut behind you.
You see here a +0 short sword.
There is a stone staircase leading up here.
You climb upwards.
There is a stone staircase leading down here.
There is a stone staircase leading up here.
You climb upwards.
There is a stone staircase leading down here.
A blizzard demon comes into view.
You bludgeon the blizzard demon!!
The blizzard demon convulses!!
You tail-slap the blizzard demon!
The blizzard demon is severely wounded.
You bludgeon the blizzard demon!!
You kill the blizzard demon!
The Council accepts your kill.
No target in view!
No target in view!
There is a stone staircase leading up here.
You climb upwards.
There is a stone staircase leading down here.
There is a staircase leading out of the dungeon here.
You have escaped!

.......#.>##...>##....####.#..#.#
.......#.###...###..#.####.#..#.#
.......#..#....##................
.......#.##...###..#..#####......
.......#.#....##...#.............
.......#.#...###.....#######.##.#
##.#######..###......# #.#...
##.# #.+...##...##.# ###.#.#.
##.# #.##..#..@.##.#####.......
##(# #.................#.#.#.##
##.# #.###########.###.#.......
##.# #..........##.###.#.......
##.# #..............##.#.......
##.# #..............##.#.......
##.# #.#######......##.#.......
##.# #.# #......##.#.#.#.## ...#
#.# #.........#.#.....


There were no monsters in sight!

Vanquished Creatures
  5 ancient liches
  3 dread liches
  6 orbs of fire (Zot:5)
  Mara (Vaults:5)
  A juggernaut (Depths:4)
  Boris (Depths:4)
  Sojobo (Vaults:2)
  5 Killer Klowns (Zot:5)
  Vashnia (Snake:4)
  Saint Roka (Vaults:3)
  15 golden dragons
  A profane servitor (Abyss:3)
  2 bone dragons
  3 electric golems
  A Brimstone Fiend (Depths:4)
  Rupert (Orc:2)
  Jorgrun (Elf:2)
  12 tentacled monstrosities
  6 liches
  2 deep elf blademasters (Elf:3)
  28 Orb Guardians
  A walking frostbound tome (Depths:3)
  9 sphinxes
  8 titans
  5 quicksilver dragons
  A walking earthen tome (Depths:4)
  2 deep elf master archers (Elf:3)
  An Executioner (D:15)
  Asterion (Vaults:2)
  A walking divine tome (Depths:3)
  2 tentacled starspawn
  A thorn hunter (Swamp:4)
  7 death cobs
  15 tengu reavers
  Roxanne (Swamp:1)
  Donald (Swamp:1)
  4 shadow dragons
  2 nagarajas (Snake:4)
  An azure jelly (shapeshifter) (Vaults:5)
  2 draconian monks
  16 storm dragons
  Aizul (Snake:4)
  A fenstrider witch (Swamp:4)
  12 frost giants
  6 deep elf sorcerers
  A daeva (Zot:2)
  2 iron dragons (Depths:3)
  7 fire giants
  22 vault wardens
  8 draconian scorchers
  A balrug (Abyss:3)
  Louise (Swamp:4)
  3 draconian shifters
  6 deep elf elementalists (Elf:3)
  2 draconian knights
  A reaper (Depths:2)
  3 draconian annihilators
  2 spriggan defenders (Depths:3)
  A war gargoyle (Vaults:3)
  A cacodemon (Depths:4)
  2 orc warlords
  A draconian stormcaller (Zot:4)
  17 ironbound preservers
  3 formless jellyfish
  14 stone giants
  A vampire knight (Depths:3)
  7 very ugly things
  8 deep elf demonologists
  8 ironbound thunderhulks
  4 eleionomae
  7 green draconians
  The ghost of AdnanSaban the Protected, a journeyman GrFi of Okawaru (Lair:5)
  7 black draconians
  6 white draconians
  6 deep elf annihilators
  2 dire elephants
  9 red draconians
  3 spark wasps (Depths:1)
  Snorg (Orc:2)
  4 bunyips
  10 yellow draconians
  2 blizzard demons
  Azrael (Orc:1)
  4 purple draconians
  4 deep elf death magi (Elf:3)
  11 ettins
  8 fire dragons
  3 crystal guardians
  5 shambling mangroves
  8 yaktaur captains
  An entropy weaver (Vaults:1)
  8 great orbs of eyes
  8 ice dragons
  8 rakshasas
  6 deep elf high priests
  30 vault guards
  8 alligators
  4 ghost crabs
  3 salamander tyrants
  A sphinx zombie (Depths:1)
  4 spriggan air magi
  19 hydras
  2 peacekeepers
  14 centaur warriors
  8 ironbound frosthearts
  6 ogre magi
  4 catoblepae (Lair:5)
  6 boulder beetles
  11 anacondas
  A satyr (shapeshifter) (Vaults:2)
  A death knight (D:15)
  29 dancing weapons
  17 two-headed ogres
  11 naga warriors
  4 deep troll shamans
  16 death yaks (Lair:5)
  Urug (Lair:4)
  6 deep troll earth magi
  2 vampire magi
  4 tengu warriors
  3 thrashing horrors
  4 spriggan berserkers
  4 hell knights
  7 shock serpents
  13 deep elf knights
  8 naga sharpshooters
  A skyshark (Lair:5)
  3 skeletal warriors
  Nergalle (Lair:1)
  6 iron trolls
  Lodul (D:12)
  5 salamander mystics
  A sea snake (shapeshifter) (Vaults:5)
  A soul eater (Abyss:3)
  4 sixfirhies
  7 goliath frogs
  A flayed ghost (Depths:1)
  47 deep trolls
  A shadow dragon zombie (Depths:1)
  2 sea snakes
  5 spriggan druids
  The ghost of paps the Changeling, a novice OpSh (D:7)
  11 naga ritualists
  A glowing orange brain (Abyss:3)
  5 wizards
  2 bog bodies
  A shadow demon (Zot:2)
  4 necromancers
  A tengu zombie (Depths:1)
  4 deep elf archers
  9 lindwurms
  10 swamp dragons
  21 ironbound convokers
  20 deep elf pyromancers
  4 harpies (Vaults:4)
  14 mana vipers
  A mana viper (shapeshifter) (Vaults:5)
  4 phantasmal warriors (Vaults:5)
  4 orc sorcerers
  4 orc knights
  17 deep elf zephyrmancers
  4 will-o-the-wisps
  21 salamanders
  38 ugly things
  6 cyclopes
  14 elephants
  2 wolf spiders (shapeshifter) (Vaults:4)
  4 manticores
  An elephant (shapeshifter) (Vaults:3)
  A naga zombie (Abyss:3)
  18 moths of wrath
  A stone giant skeleton (Depths:1)
  3 rust devils
  43 black mambas
  Joseph (Lair:1)
  4 guardian serpents (Snake:3)
  14 naga magi
  3 smoke demons
  3 apocalypse crabs
  2 large abominations (Abyss:3)
  15 vault sentinels
  A hellion (Abyss:3)
  A guardian serpent (shapeshifter) (Vaults:5)
  2 ice statues (IceCv)
  5 gargoyles
  A spriggan zombie (Depths:1)
  14 cane toads
  4 efreet
  5 rime drakes
  A kobold demonologist (D:11)
  An unseen horror (Abyss:3)
  2 freezing wraiths
  45 yaktaurs
  4 ice devils
  9 komodo dragons
  A yaktaur (shapeshifter) (D:15)
  A tengu conjurer (Depths:3)
  A tormentor (Depths:1)
  A queen bee (D:8)
  An elf skeleton (Vaults:1)
  2 merfolk (shapeshifter)
  A red devil (Depths:2)
  A meliai (shapeshifter) (D:15)
  2 wandering mushrooms (Lair:4)
  A bloated husk (Swamp:1)
  3 hellwings
  3 polar bears
  A harpy zombie (Abyss:3)
  4 tyrant leeches
  8 trolls
  A polar bear (shapeshifter) (Vaults:5)
  22 hornets
  5 raiju
  2 tarantellas (shapeshifter)
  9 blink frogs
  5 dream sheep
  35 slime creatures
  A jumping spider (shapeshifter) (Vaults:4)
  An air elemental (Elf:3)
  4 wyverns
  A culicivora (shapeshifter) (D:15)
  16 spriggans
  A shadow (D:10)
  3 wraiths
  A naga simulacrum (Abyss:3)
  7 water elementals
  A fire bat (shapeshifter) (Elf:1)
  A ynoxinul (Depths:2)
  Eustachio (D:5)
  2 small abominations (Abyss:3)
  46 yaks
  2 basilisks
  2 neqoxecs (Abyss:3)
  A chaos spawn (Depths:2)
  5 fire elementals
  11 vampire mosquitoes
  4 steam dragons
  Grum (D:10)
  37 nagas
  18 swamp worms
  4 wargs
  2 acid dragons (D:12)
  24 water moccasins
  3 hell hounds
  Duvessa (D:7)
  19 orc warriors
  A glowing shapeshifter skeleton (Vaults:1)
  An ettin simulacrum (Depths:1)
  An ice beast (D:6)
  A sky beast (D:6)
  14 swamp drakes
  3 black bears
  22 wolves
  2 boulder beetle simulacra (Lair:5)
  34 ogres
  A black mamba simulacrum (Lair:5)
  2 boggarts (Depths:2)
  A phantom (D:6)
  9 centaurs
  6 kobold brigands
  10 bullfrogs
  A gnoll sergeant (D:10)
  2 cane toad simulacra (Lair:5)
  A human skeleton (Vaults:1)
  An earth elemental (Elf:3)
  A necrophage (D:4)
  A scorpion (D:3)
  A glowing shapeshifter simulacrum (Depths:1)
  Dowan (D:7)
  11 killer bees (D:8)
  2 ballistomycetes (Lair:4)
  An elephant simulacrum (IceCv)
  4 howler monkeys
  2 lava snakes (Lair:2)
  A quasit (Abyss:3)
  A fire crab simulacrum (Lair:5)
  3 hounds
  5 jellies
  9 orc priests
  A sleepcap (D:5)
  3 gnoll boudas
  16 orc wizards
  3 iguanas
  Natasha (thrice) (D:2)
  5 hell rats (Lair:1)
  2 polar bear simulacra (IceCv)
  A wolf simulacrum (IceCv)
  A hound skeleton (D:4)
  8 mummies (Ossuary)
  14 gnolls
  6 adders
  3 river rats
  A shadow imp (D:5)
  3 white imps
  4 worms (Sewer)
  2 dart slugs (D:1)
  84 orcs
  5 endoplasms
  4 giant cockroaches
  11 goblins
  5 hobgoblins
  2 jackals (D:5)
  3 quokkas
  9 ball pythons
  8 bats
  3 frilled lizards
  A goblin zombie (D:4)
  5 hobgoblin zombies (Ossuary)
  31 kobolds
  A kobold zombie (Ossuary)
  2 orc zombies (Ossuary)
  6 rats
  A rat zombie (D:4)
  A spectral orc (D:3)
  7 ballistomycete spores (Lair:4)
  A lurking horror (Abyss:3)
1977 creatures vanquished.

Vanquished Creatures (others)
  A draconian knight (Zot:4)
  3 fire giants
  A deep elf sorcerer (Elf:1)
  A very ugly thing (Abyss:3)
  A yellow draconian (Depths:4)
  An alligator (Swamp:3)
  A deep troll earth mage (Depths:4)
  A black mamba (Snake:4)
  3 bloated husks
  An orc wizard (Orc:1)
  An orc (Orc:1)
  8 ballistomycete spores (Lair:4)
  37 foxfires
  8 starspawn tentacles
68 creatures vanquished.

Grand Total: 2045 creatures vanquished

Notes
Turn   | Place    | Note
-------+----------+-------------------------------------------
     0 | D:5      | GordonOverkill the Armataur Delver began the quest for the
                  | Orb.
     0 | D:5      | Reached XP level 1. HP: 19/19 MP: 1/1
    10 | D:6      | Noticed Eustachio
    10 | D:6      | Noticed a kobold brigand
    44 | D:5      | Reached XP level 2. HP: 26/27 MP: 2/2
    63 | D:5      | Found Wada's Dragon-Slaying Spoils.
   323 | D:4      | Gained mutation: Your flesh is heat resistant. (rF+)
                  | [potion of mutation]
   323 | D:4      | Gained mutation: You have a beak for a mouth. [potion of
                  | mutation]
   323 | D:4      | Gained mutation: You have hidden genetic potential. [potion
                  | of mutation]
   323 | D:4      | Gained mutation: You are partially covered in iridescent
                  | scales. (AC +2) [potion of mutation]
   323 | D:4      | Gained mutation: You are partially covered in large bone
                  | plates. (SH +4) [potion of mutation]
   351 | D:4      | Found an ornate altar of the Wu Jian Council.
   380 | D:4      | Became a worshipper of the Wu Jian Council
   414 | D:4      | Reached XP level 3. HP: 28/33 MP: 3/3
   435 | D:4      | Gained mutation: You are mostly covered in iridescent
                  | scales. (AC +4) [hidden potential]
   514 | D:4      | Reached XP level 4. HP: 18/40 MP: 4/4
   574 | D:4      | Found a sand-covered staircase.
   592 | Ossuary  | Entered an ossuary
   693 | Ossuary  | Gained mutation: You are mostly covered in large bone
                  | plates. (SH +6) [hidden potential]
   693 | Ossuary  | Lost mutation: You have hidden genetic potential. [hidden
                  | potential expressed]
   945 | Ossuary  | Reached XP level 5. HP: 32/48 MP: 5/5
  1131 | Ossuary  | Reached * piety under Wu Jian
  1132 | Ossuary  | Reached skill level 5 in Maces & Flails
  1376 | D:3      | Found a basalt altar of Yredelemnul.
  1405 | D:3      | Found a hide-covered altar of Uskayaw.
  1439 | D:3      | Found a glowing drain.
  1443 | Sewer    | Entered a sewer
  1608 | Sewer    | Reached XP level 6. HP: 45/55 MP: 6/6
  2150 | Sewer    | Reached skill level 5 in Fighting
  2225 | Sewer    | Reached skill level 1 in Throwing
  2286 | D:3      | Reached XP level 7. HP: 54/65 MP: 7/7
  2435 | D:2      | Reached ** piety under Wu Jian
  2558 | D:2      | Noticed Natasha
  2578 | D:2      | Killed Natasha
  2622 | D:2      | Noticed Natasha
  2631 | D:2      | Killed Natasha
  2787 | D:2      | Noticed Natasha
  2793 | D:2      | Killed Natasha
  3462 | D:1      | Reached *** piety under Wu Jian
  4286 | D:3      | Found a glowing silver altar of Zin.
  5036 | D:4      | Found a burning altar of Makhleb.
  5330 | D:5      | Reached skill level 1 in Armour
  5341 | D:5      | Reached skill level 2 in Armour
  5350 | D:5      | Reached skill level 1 in Evocations
  5606 | D:5      | Found a sacrificial altar of Ru.
  5606 | D:5      | Found a glowing golden altar of the Shining One.
  5633 | D:5      | Found a shadowy altar of Dithmenos.
  5633 | D:5      | Found a shimmering blue altar of Sif Muna.
  5633 | D:5      | Found an opulent altar of Gozag.
  5680 | D:5      | Found a sparkling altar of Nemelex Xobeh.
  5858 | D:5      | Reached XP level 8. HP: 55/72 MP: 5/8
  5962 | D:5      | Killed Eustachio
  5963 | D:5      | Reached skill level 4 in Armour
  6244 | D:6      | Reached **** piety under Wu Jian
  6351 | D:6      | Found a staircase to the Ecumenical Temple.
  6963 | D:7      | Reached XP level 9. HP: 75/84 MP: 7/9
  7029 | D:7      | Noticed Dowan
  7032 | D:7      | Noticed Duvessa
  7050 | D:7      | Killed Duvessa
  7059 | D:7      | Killed Dowan
  7236 | D:7      | Identified the +8 spear of Apputt {flame, rF+ rCorr Str-4
                  | Dex+3}
  7264 | D:7      | Found a runed translucent gate.
  7265 | D:7      | Found a runed translucent gate.
  7265 | D:7      | Identified the +8 chain mail of Filth {-Cast rElec Dex+2}
  7265 | D:7      | Noticed paps's ghost (novice OpSh)
  7266 | D:7      | Found a runed translucent gate.
  7440 | D:6      | Reached skill level 10 in Maces & Flails
  7473 | D:7      | Identified the +4 ring mail "Huas" {+Blink rElec Dex+2}
  7537 | D:7      | Noticed Maggie
  7541 | D:7      | Maggie changed into Maggie the water moccasin
  7541 | D:7      | Noticed Maggie
  7552 | D:7      | Killed Maggie the water moccasin
  7553 | D:7      | Reached skill level 5 in Armour
  7757 | D:8      | Noticed a troll
  7774 | D:8      | Killed a troll
  7775 | D:8      | Reached skill level 6 in Armour
  7875 | D:8      | Reached ***** piety under Wu Jian
  7889 | D:8      | Found a stormy altar of Qazlal.
  7966 | D:8      | Reached XP level 10. HP: 78/94 MP: 8/10
  8968 | D:9      | Identified the +1 robe "Ilagoh" {Int+2}
  9321 | D:9      | Found a radiant altar of Vehumet.
  9488 | D:10     | Entered Level 10 of the Dungeon
  9497 | D:10     | Noticed Grum
  9511 | D:10     | Killed Grum
  9580 | D:10     | Found a broken altar of Ashenzari.
  9748 | D:10     | Noticed a centaur warrior
  9756 | D:10     | Killed a centaur warrior
  9784 | D:10     | Noticed an orc knight
  9796 | D:10     | Killed an orc knight
  9797 | D:10     | Reached XP level 11. HP: 59/103 MP: 7/11
  9797 | D:10     | Noticed a two-headed ogre
  9965 | D:10     | Killed a two-headed ogre
 10092 | D:10     | Found a staircase to the Lair.
 10105 | D:10     | Reached skill level 10 in Fighting
 10625 | D:11     | Noticed a two-headed ogre
 10631 | D:11     | Noticed a boulder beetle
 10648 | D:11     | Killed a two-headed ogre
 10666 | D:11     | Reached skill level 15 in Maces & Flails
 10666 | D:11     | Reached XP level 12. HP: 81/115 MP: 8/12
 10666 | D:11     | Reached XP level 13. HP: 87/123 MP: 8/13
 10770 | D:11     | Found a staircase to the Orcish Mines.
 10826 | D:11     | Found a blossoming altar of Fedhas.
 10902 | D:11     | Reached ****** piety under Wu Jian
 11184 | Lair:1   | Entered Level 1 of the Lair of Beasts
 11356 | Lair:1   | Reached skill level 7 in Armour
 11361 | Lair:1   | Identified the +4 scale mail "Zaufivil" {+Inv Int+3}
 11513 | Lair:1   | Noticed Nergalle
 11548 | Lair:1   | Reached skill level 8 in Armour
 11637 | Lair:1   | Killed Nergalle
 11657 | Lair:1   | Reached skill level 9 in Armour
 11662 | Lair:1   | Found a frozen archway.
 11823 | IceCv    | Entered an ice cave
 11838 | IceCv    | Found a transporter.
 11861 | IceCv    | Found a transporter.
 12249 | Lair:1   | Noticed Joseph
 12261 | Lair:1   | Killed Joseph
 12329 | Lair:1   | Reached skill level 10 in Armour
 12869 | Lair:2   | Found a staircase to the Snake Pit.
 13321 | Lair:2   | Reached XP level 14. HP: 132/132 MP: 14/14
 14274 | Lair:3   | Found an ancient bone altar of Kikubaaqudgha.
 14493 | Lair:3   | Found a staircase to the Swamp.
 15393 | Lair:4   | Identified the +3 spear "Xopt" {vamp, rElec rF+ Will+}
 15732 | Lair:4   | Paralysed by a hornet for 3 turns
 15916 | Lair:4   | Noticed Urug
 15933 | Lair:4   | Killed Urug
 16159 | Lair:5   | Entered Level 5 of the Lair of Beasts
 16650 | Lair:5   | Found a runed translucent gate.
 16650 | Lair:5   | Found a runed translucent gate.
 16650 | Lair:5   | Found a runed translucent gate.
 16681 | Lair:5   | Noticed AdnanSaban's ghost (journeyman GrFi)
 16714 | Lair:5   | Killed AdnanSaban's ghost
 16911 | Lair:5   | Got the ring of the Hippogriff {Fire Dex+5 Stlth+}
 16965 | Lair:5   | Reached skill level 5 in Dodging
 17035 | Lair:5   | Found a staircase to the Slime Pits.
 17044 | Lair:5   | Found a viscous altar of Jiyva.
 17425 | Lair:5   | Reached skill level 1 in Shields
 17550 | Lair:5   | Reached XP level 15. HP: 141/147 MP: 13/15
 17619 | Lair:5   | Reached skill level 5 in Shields
 18301 | Lair:5   | Reached skill level 15 in Fighting
 19237 | D:12     | Noticed Lodul
 19261 | D:12     | Killed Lodul
 21139 | D:14     | Identified the +4 trident of Nadezoep {flame, rC+ Int+3
                  | Stlth+}
 21142 | D:14     | Found a gate to the Vaults.
 21161 | D:14     | Reached skill level 11 in Armour
 21563 | D:14     | Reached skill level 12 in Armour
 22113 | D:15     | Entered Level 15 of the Dungeon
 22345 | D:15     | Reached skill level 13 in Armour
 22351 | D:15     | Reached XP level 16. HP: 127/161 MP: 11/16
 22432 | D:15     | Found a staircase to the Depths.
 23241 | D:15     | Reached skill level 14 in Armour
 23548 | D:15     | Found a radiant altar of Vehumet.
 23854 | Orc:1    | Entered Level 1 of the Orcish Mines
 24094 | Orc:1    | Found Hefuxed's Jewellery Emporium.
 24393 | Orc:2    | Entered Level 2 of the Orcish Mines
 24393 | Orc:2    | Noticed Azrael
 24415 | Orc:2    | Noticed Rupert
 24434 | Orc:1    | Killed Azrael
 24627 | Orc:2    | Paralysed by Rupert for 4 turns
 24719 | Orc:2    | Killed Rupert
 25357 | Orc:2    | Noticed Snorg
 25372 | Orc:2    | Killed Snorg
 25474 | Orc:2    | Found Xuasamot's Weapon Shop.
 25474 | Orc:2    | Found Naalebim's Armour Emporium.
 25475 | Orc:2    | Found Dinelu's Assorted Antiques.
 25475 | Orc:2    | Found Goety's Distillery.
 25500 | Orc:2    | Bought 3 scrolls of enchant weapon for 540 gold pieces
 25500 | Orc:2    | Bought a scroll of identify for 48 gold pieces
 25500 | Orc:2    | Bought a scroll of identify for 48 gold pieces
 25501 | Orc:2    | Bought a potion of haste for 140 gold pieces
 25501 | Orc:2    | Bought a potion of heal wounds for 70 gold pieces
 25501 | Orc:2    | Bought a potion of berserk rage for 70 gold pieces
 25501 | Orc:2    | Bought a potion of curing for 42 gold pieces
 25511 | Orc:2    | Found a staircase to the Elven Halls.
 25712 | Orc:2    | Found Keinnu's Distillery.
 25720 | Orc:2    | Bought a potion of experience for 700 gold pieces
 25720 | Orc:2    | Bought a potion of enlightenment for 70 gold pieces
 25720 | Orc:2    | Bought a potion of curing for 42 gold pieces
 25720 | Orc:2    | Bought a potion of haste for 140 gold pieces
 25720 | Orc:2    | Bought a potion of invisibility for 112 gold pieces
 25720 | Orc:2    | Bought a potion of enlightenment for 70 gold pieces
 25720 | Orc:2    | Bought a potion of haste for 140 gold pieces
 25720 | Orc:2    | Bought a potion of curing for 42 gold pieces
 25720 | Orc:2    | Reached XP level 17. HP: 169/169 MP: 17/17
 25720 | Orc:2    | Reached XP level 18. HP: 177/177 MP: 18/18
 26021 | Snake:1  | Entered Level 1 of the Snake Pit
 26755 | Snake:1  | Found Ytuybb Ryep's Armour Boutique.
 26757 | Snake:1  | Found Cueczauh's Weapon Shop.
 27565 | Snake:2  | Reached skill level 10 in Dodging
 29530 | Snake:2  | Found an ornate altar of the Wu Jian Council.
 30253 | Snake:3  | Reached XP level 19. HP: 134/189 MP: 14/19
 32349 | Snake:4  | Entered Level 4 of the Snake Pit
 32859 | Snake:4  | Found a glowing silver altar of Zin.
 32863 | Snake:4  | Noticed Aizul
 32885 | Snake:4  | Killed Aizul
 33049 | Snake:4  | Noticed Vashnia
 33096 | Snake:4  | Killed Vashnia
 33268 | Snake:4  | Found Meulyly's Self-Improvement Boutique.
 34453 | Snake:3  | Reached skill level 10 in Shields
 35970 | Snake:4  | Got a serpentine rune of Zot
 36462 | Swamp:1  | Entered Level 1 of the Swamp
 36564 | Swamp:1  | Found a hazy altar of Hepliaklqana.
 36771 | Swamp:1  | Noticed Roxanne
 36991 | Swamp:1  | Killed Roxanne
 37179 | Swamp:1  | Noticed Donald
 37200 | Swamp:1  | Killed Donald
 38256 | Swamp:2  | Reached skill level 10 in Evocations
 39335 | Swamp:2  | Upgraded the game from 0.31-a0-662-g684573625c to
                  | 0.31-a0-667-g39726597b9
 39426 | Swamp:3  | Reached XP level 20. HP: 130/192 MP: 15/20
 40476 | Swamp:4  | Entered Level 4 of the Swamp
 40747 | Swamp:4  | Paralysed by a fenstrider witch for 4 turns
 41088 | Swamp:4  | Noticed Louise
 41116 | Abyss:2  | Cast into level 2 of the Abyss (Louise)
 41179 | Abyss:2  | Noticed a bone dragon
 41191 | Abyss:2  | Killed a bone dragon
 41298 | Abyss:3  | Noticed a bone dragon
 41314 | Abyss:3  | Killed a bone dragon
 41327 | Abyss:3  | Found a transporter.
 41363 | Abyss:3  | Noticed a profane servitor
 41400 | Abyss:3  | Killed a profane servitor
 41401 | Abyss:3  | Found a transporter.
 41404 | Abyss:3  | Found a transporter.
 41406 | Abyss:3  | Got an abyssal rune of Zot
 41459 | Abyss:4  | Found a corrupted altar of Lugonu.
 41463 | Abyss:4  | Found a corrupted altar of Lugonu.
 41531 | Swamp:4  | Escaped the Abyss
 41542 | Swamp:4  | Killed Louise
 41908 | Swamp:4  | Got a decaying rune of Zot
 42379 | Vaults:1 | Entered Level 1 of the Vaults
 43054 | Vaults:1 | Reached skill level 15 in Armour
 43629 | Vaults:1 | Reached skill level 16 in Armour
 44286 | Vaults:1 | Reached XP level 21. HP: 215/215 MP: 21/21
 44515 | Vaults:1 | Reached skill level 17 in Armour
 44812 | Vaults:1 | Paralysed by a great orb of eyes for 5 turns
 45069 | Vaults:1 | Identified the scarf of the Shoals {+Inv, Dex+3 Slay-6
                  | Stlth+}
 45590 | D:5      | Bought the +10 gold dragon scales of Mawel {Rampage rPois
                  | rF+ rC+ rN+} for 1397 gold pieces
 45881 | Vaults:2 | Found Kurui's Assorted Antiques.
 45916 | Vaults:2 | Reached skill level 15 in Shields
 46114 | Vaults:2 | Noticed Sojobo
 46130 | Vaults:2 | Noticed Asterion
 46795 | Vaults:2 | Killed Asterion
 46807 | Vaults:2 | Paralysed by an air elemental for 1 turns
 46819 | Vaults:2 | Killed Sojobo
 47119 | Vaults:2 | Found a staircase to the Crypt.
 47119 | Vaults:2 | Found a basalt altar of Yredelemnul.
 47120 | Vaults:2 | Found an ancient bone altar of Kikubaaqudgha.
 48099 | Vaults:2 | Bought a potion of curing for 63 gold pieces
 48099 | Vaults:2 | Bought a scroll of teleportation for 63 gold pieces
 48814 | Vaults:3 | Noticed Saint Roka
 49496 | Vaults:3 | Reached skill level 18 in Armour
 49626 | Vaults:3 | Killed Saint Roka
 50032 | D:7      | Killed paps's ghost
 50046 | D:7      | Identified the +0 hat "Opnaoluk" {Rampage rC+ Int+2}
 50535 | Vaults:4 | Reached skill level 19 in Armour
 50783 | Vaults:4 | Reached XP level 22. HP: 216/223 MP: 22/22
 50880 | Vaults:4 | Reached skill level 20 in Armour
 51032 | Vaults:4 | Identified the +4 barding of Modesty {+Inv}
 51589 | Vaults:4 | Paralysed by a formless jellyfish for 1 turns
 51917 | Depths:1 | Entered Level 1 of the Depths
 52049 | Depths:1 | Found a hide-covered altar of Uskayaw.
 52819 | Depths:1 | Found a gateway to Hell.
 53116 | Depths:1 | Found a one-way gate leading to the halls of Pandemonium.
 53633 | Depths:2 | Found a one-way gateway to a ziggurat.
 53734 | Depths:2 | Got the Lessons on the Tainted Blaze
 53790 | Depths:2 | Found Aniteoco's General Store.
 53900 | Depths:2 | Reached skill level 21 in Armour
 54041 | Depths:2 | Found Uvuypewk's Armour Boutique.
 54168 | Depths:2 | Bought a +1 cloak of willpower for 330 gold pieces
 54193 | Depths:2 | Found Koclipsolai's General Store.
 54201 | Depths:2 | Bought a scroll of teleportation for 54 gold pieces
 54288 | Depths:2 | Found Naifitax's Weapon Shoppe.
 54534 | Depths:2 | Found a portal to a secret trove of treasure.
 54595 | Depths:2 | Found Joocomeli's Distillery.
 54606 | Depths:2 | Found a transporter.
 54607 | Depths:2 | Found a radiant altar of Vehumet.
 54835 | Depths:2 | Identified the ring of Limitation {rPois rF++ Str-5 Int+6}
 54901 | Depths:2 | Found a transporter.
 55512 | Depths:3 | You fall into a shaft and drop 1 floor!
 55512 | Depths:4 | Entered Level 4 of the Depths
 55522 | Depths:4 | Reached skill level 22 in Armour
 55582 | Depths:4 | Noticed a juggernaut
 56053 | Depths:3 | Reached skill level 5 in Throwing
 56053 | Depths:3 | Reached XP level 23. HP: 217/230 MP: 23/23
 56185 | Depths:3 | Found a shimmering altar of Xom.
 56290 | Depths:3 | Found a one-way gate to the infinite horrors of the Abyss.
 56587 | Depths:3 | Noticed a dread lich
 57338 | Depths:2 | Killed a dread lich
 57504 | Depths:3 | Noticed an ancient lich
 57510 | Depths:3 | Reached skill level 10 in Throwing
 57511 | Depths:3 | Killed an ancient lich
 57613 | Depths:3 | Identified the +8 arbalest of the Tiger {freeze, rN+ rCorr
                  | Int-5}
 57886 | Depths:4 | Found a shadowy altar of Dithmenos.
 57912 | Depths:4 | Noticed Boris
 57929 | Depths:4 | Killed Boris
 57946 | Depths:4 | Identified the +0 scale mail of Buonuo {Int+6}
 58456 | Depths:4 | Killed a juggernaut
 58619 | Depths:4 | Identified the +2 plate armour "Araguosk" {Harm Fly}
 59691 | Depths:4 | Found a gate to the Realm of Zot.
 60811 | Elf:1    | Entered Level 1 of the Elven Halls
 60865 | Elf:1    | Noticed an ancient lich
 60870 | Elf:1    | Killed an ancient lich
 60923 | Elf:1    | Identified the +0 scale mail of Zenaal Pone {-Cast Str+3
                  | Dex+5}
 61844 | Elf:1    | Got the Spellbook of the Swarm
 62487 | Elf:2    | Found a runed translucent gate.
 62489 | Elf:2    | Found a runed translucent gate.
 62491 | Elf:2    | Found a runed translucent gate.
 62766 | Elf:2    | Noticed Jorgrun
 62785 | Elf:2    | Killed Jorgrun
 62936 | Elf:2    | Reached XP level 24. HP: 223/241 MP: 23/23
 63317 | Elf:3    | Entered Level 3 of the Elven Halls
 63601 | Elf:3    | Paralysed by an air elemental for 1 turns
 63602 | Elf:3    | Found Umaysamn's Armour Boutique.
 63603 | Elf:3    | Paralysed by an air elemental for 1 turns
 63607 | Elf:3    | Paralysed by an air elemental for 1 turns
 64279 | Elf:3    | Reached skill level 23 in Armour
 64397 | Elf:3    | Identified the ring "Miecigyu" {rN+ MP+9}
 64501 | Elf:3    | Identified the amulet of Tyddalag {Spirit rPois Str+3 Dex+8
                  | Slay-6}
 64567 | Elf:3    | Identified the +0 robe "Riwiseoc" {Fly rF- SInv Archmagi}
 64592 | Elf:3    | Identified the +8 mace "Jaiptucw" {flame, Int+3}
 64593 | Elf:3    | Identified the ring "Zukosk" {rCorr MP+9 Dex+3 Stlth+}
 64597 | Elf:3    | Got the Thoughts on Toxins
 64711 | Elf:3    | Identified the +4 shortbow of Actus Reus {drain, Stlth+}
 64932 | Elf:3    | Found a hide-covered altar of Uskayaw.
 65459 | Vaults:5 | Entered Level 5 of the Vaults
 65957 | Vaults:5 | Noticed a dread lich
 65963 | Vaults:5 | Killed a dread lich
 66251 | Vaults:5 | Identified the +4 great mace of Ivoqit {flame, Will+ Str+2}
 66251 | Vaults:5 | Identified the +0 leather armour "Apiew" {MP+9}
 66262 | Vaults:5 | Identified the +12 great sword "Liamm" {drain, Int+3
                  | Stlth+}
 66862 | Vaults:5 | Noticed an ancient lich
 66868 | Vaults:5 | Killed an ancient lich
 66881 | Vaults:5 | Noticed a dread lich
 66904 | Vaults:5 | Killed a dread lich
 67235 | Vaults:5 | Identified the +4 chain mail of Archett {Str+5}
 67235 | Vaults:5 | Noticed Mara
 67245 | Vaults:5 | Noticed GordonOverkill's illusion
 67246 | Vaults:5 | Noticed GordonOverkill's illusion
 67256 | Vaults:5 | Killed Mara
 67314 | Vaults:5 | Identified the +7 scimitar "Ogreslayer" {flame, Dex+2
                  | Stlth+}
 67493 | Vaults:5 | Reached XP level 25. HP: 248/254 MP: 23/23
 68198 | Vaults:5 | Identified the amulet "Ohumeati" {Faith rElec}
 68224 | Vaults:5 | Reached skill level 24 in Armour
 68481 | Vaults:5 | Got the Papyrus of Shifting Space
 68755 | Vaults:5 | Identified the +1 ring mail of Xemy {rF+ Dex+2}
 68905 | Vaults:5 | Got a silver rune of Zot
 69549 | Zot:1    | Entered Level 1 of the Realm of Zot
 69668 | Depths:2 | Bought a potion of might for 76 gold pieces
 69668 | Depths:2 | Bought a potion of might for 76 gold pieces
 69668 | Depths:2 | Bought a potion of curing for 57 gold pieces
 69668 | Depths:2 | Bought a potion of haste for 190 gold pieces
 69668 | Depths:2 | Bought a potion of curing for 57 gold pieces
 69668 | Depths:2 | Bought a potion of might for 76 gold pieces
 69668 | Depths:2 | Bought a potion of heal wounds for 95 gold pieces
 69847 | Vaults:2 | Bought a scroll of vulnerability for 84 gold pieces
 70141 | Snake:4  | Bought a manual of Throwing for 1200 gold pieces
 70141 | Snake:4  | Bought a manual of Dodging for 1200 gold pieces
 70445 | Depths:2 | You paid a toll of +2 fire dragon scales to enter a
                  | treasure trove
 70446 | Trove    | Entered a treasure trove
 70470 | Trove    | Got Sif Muna's Tome of Bombardment
 70472 | Trove    | Got Kus Taek's Secrets of Entranced Direction
 70476 | Trove    | Got Sif Muna's Omnibus of Violent Ectoplasm
 70497 | Trove    | Identified the amulet of the Country {Spirit Rampage *Slow
                  | +Inv rC-}
 72711 | Zot:2    | Reached skill level 15 in Throwing
 72867 | Zot:2    | Found a transporter.
 72867 | Zot:2    | Noticed a Killer Klown
 72886 | Zot:2    | Found a transporter.
 72889 | Zot:2    | Identified the +0 ring mail of Viegrej {Harm rF+++ Int-4
                  | Stlth+}
 72889 | Zot:2    | Noticed an orb of fire
 73325 | Zot:3    | You fall into a shaft and drop 1 floor!
 74860 | Zot:5    | Entered Level 5 of the Realm of Zot
 75332 | Zot:5    | Noticed an orb of fire
 75337 | Zot:5    | Gained mutation: You are dopey. (Int -2) [an orb of fire]
 75345 | Zot:5    | Gained mutation: You occasionally lose the ability to read
                  | scrolls when taking damage. [an orb of fire]
 75346 | Zot:5    | Killed an orb of fire
 75419 | Zot:5    | Noticed an orb of fire
 75449 | Zot:5    | Killed an orb of fire
 75461 | Zot:5    | Noticed an orb of fire
 75461 | Zot:5    | Noticed a Killer Klown
 75470 | Zot:5    | Gained mutation: You have supernaturally acute eyesight.
                  | (SInv) [an orb of fire]
 75471 | Zot:5    | Killed an orb of fire
 75474 | Zot:5    | Noticed an orb of fire
 75484 | Zot:5    | Killed an orb of fire
 75485 | Zot:5    | Killed a Killer Klown
 75486 | Zot:5    | Noticed a Killer Klown
 75486 | Zot:5    | Noticed an ancient lich
 75491 | Zot:5    | Killed a Killer Klown
 75504 | Zot:5    | Noticed an ancient lich
 75517 | Zot:5    | Killed an ancient lich
 75518 | Zot:5    | Reached XP level 26. HP: 143/264 MP: 23/23
 75532 | Zot:5    | Killed an ancient lich
 76452 | Zot:5    | Reached skill level 15 in Dodging
 77004 | Zot:5    | Noticed an orb of fire
 77005 | Zot:5    | Noticed an orb of fire
 77031 | Zot:5    | Gained mutation: You have hidden genetic defects. [an orb
                  | of fire]
 77035 | Zot:5    | Killed an orb of fire
 77057 | Zot:5    | Killed an orb of fire
 77356 | Zot:5    | Gained mutation: You sometimes lose your temper in combat.
                  | [hidden defects]
 77712 | Zot:5    | Lost mutation: You are mostly covered in large bone plates.
                  | (SH +6) [potion of mutation]
 77712 | Zot:5    | Lost mutation: You occasionally lose the ability to read
                  | scrolls when taking damage. [potion of mutation]
 77712 | Zot:5    | Lost mutation: You are partially covered in large bone
                  | plates. (SH +4) [potion of mutation]
 77712 | Zot:5    | Lost mutation: You sometimes lose your temper in combat.
                  | [potion of mutation]
 77712 | Zot:5    | Lost mutation: You have supernaturally acute eyesight.
                  | (SInv) [potion of mutation]
 77712 | Zot:5    | Gained mutation: Your muscles are strong. (Str +4, Int/Dex
                  | -1) [potion of mutation]
 77712 | Zot:5    | Gained mutation: You are frail. (-10% HP) [potion of
                  | mutation]
 77712 | Zot:5    | Gained mutation: You have supernaturally acute eyesight.
                  | (SInv) [potion of mutation]
 77713 | Zot:5    | Lost mutation: Your muscles are strong. (Str +4, Int/Dex
                  | -1) [potion of mutation]
 77713 | Zot:5    | Lost mutation: You are frail. (-10% HP) [potion of
                  | mutation]
 77713 | Zot:5    | Lost mutation: You have a beak for a mouth. [potion of
                  | mutation]
 77713 | Zot:5    | Lost mutation: You are dopey. (Int -2) [potion of mutation]
 77713 | Zot:5    | Gained mutation: Your muscles are strong. (Str +4, Int/Dex
                  | -1) [potion of mutation]
 77713 | Zot:5    | Lost mutation: You are mostly covered in iridescent scales.
                  | (AC +4) [potion of mutation]
 77713 | Zot:5    | Lost mutation: Your muscles are strong. (Str +4, Int/Dex
                  | -1) [potion of mutation]
 77713 | Zot:5    | Gained mutation: Your muscles are strong. (Str +4, Int/Dex
                  | -1) [potion of mutation]
 77713 | Zot:5    | Lost mutation: You have hidden genetic defects. [potion of
                  | mutation]
 78133 | Zot:5    | Got the Orb of Zot
 78698 | D:7      | Noticed a seraph
 78825 | D:$      | Escaped with the Orb!

Illustrated notes

Levels and vault maps discovered:
D:1:      dpeg_arrival_long_road, layout_basic, minmay_close_crescents
D:2:      layout_basic, uniq_natasha
D:3:      layout_basic, mainiacjoe_overflow_tiny_flanked, zin_academy,
          yredelemnul_forgotten_temple_becter, gup_sewer_entry_bowl
D:4:      layout_cave_pools, makhleb_blood_cavern_becter,
          mainiacjoe_overflow_catwalk, serial_column_ruins,
          column_ruins_hut_ruined, column_ruins_grid_3, column_ruins_open_small,
          column_ruins_grid_1, column_ruins_open_small, column_ruins_open_tiny,
          enter_ossuary_4, minmay_misc_feat_plants
D:5:      layout_basic, grunt_temple_overflow_open,
          amethyst_overflow_temple_binary, nicolae_shop_dragon_depot,
          grunt_decor_resistance, minmay_fountain_box, uniq_edmund
D:6:      layout_basic, minmay_temple_entry_metal_lava, uniq_eustachio
D:7:      layout_gridville, biasface_ghost_orc_armoury, uniq_maggie,
          uniq_duvessa
D:8:      layout_rooms, mainiacjoe_overflow_brackets, special_room
          [special_room_orc], nicolae_looking_at_the_future
D:9:      layout_rooms, mainiacjoe_overflow_six_doors_small,
          small_statue_intersection
D:10:     minmay_ornate_pinched, layout_rooms, nicolae_ashenzari_panopticon,
          david_lair_shrubbed, uniq_grum
D:11:     layout_big_octagon, orc_0_dummy, fedhas_altar_fruit_tree
D:12:     layout_roguey, uniq_lodul
D:13:     layout_loops_ring
D:14:     layout_roguey, erik_vaults_1, serial_bayou_shore_a, pond
D:15:     grunt_enter_depths_hoard, layout_irregular_city,
          nicolae_vehumet_altar_sigil
Lair:1:   layout_big_grid, portal_ice_cave_demonic_guard, uniq_nergalle,
          uniq_joseph
Lair:2:   layout_gridlike, nicolae_snake_entry_warm_welcome, grunt_megastairs_5
Lair:3:   hellmonk_destroyed_diamonds, layout_loops_ring,
          palyth_hydra_swamp_entry, basic_altar, minmay_stone_trees_small
Lair:4:   layout_hall_layers, nicolae_lair_grove_arrangements, dpeg_oklob_1,
          uniq_urug
Lair:5:   evilmike_catoblepas_cave, layout_regular_city,
          minmay_slime_entry_pillars, nicolae_volcano_entry_hallway,
          gammafunk_ghost_icy
Swamp:1:  layout_basic_swamp, basic_altar, swamp_pool5,
          nicolae_swamp_little_tower, uniq_roxanne, uniq_donald
Swamp:2:  layout_basic_swamp, hangedman_swamp_lotus
Swamp:3:  layout_basic_swamp, infiniplex_staircase_pool
Swamp:4:  swamp, layout_basic_swamp, uniq_louise
Snake:1:  layout_rooms, minmay_shoptagon
Snake:2:  layout_gridlike, basic_altar, grunt_megastairs_2
Snake:3:  nicolae_snake_attic_fulla_snakes, layout_chambers, grunt_ministairs_2
Snake:4:  johnstein_snake_rune_scales, layout_cave_pods, basic_altar,
          st_stairs_10, nicolae_shop_self_help, uniq_aizul
Orc:1:    layout_diamond_mine, serial_shops, nicolae_shop_tiny_waterfront
Orc:2:    st_orc_ogre_mass, layout_caves, serial_shops, shop, uniq_snorg,
          uniq_rupert, uniq_azrael
Elf:1:    minmay_the_grid_3x3 [minmay_the_grid_plusring,
          minmay_the_grid_armoury, minmay_the_grid_tree,
          minmay_the_grid_tri_star, minmay_the_grid_holed_spiral,
          minmay_the_grid_square_x, minmay_the_grid_fan, minmay_the_grid_empty,
          minmay_the_grid_prize_diamond_cup], layout_geoelf_diagonals,
          minmay_elf_demonology
Elf:2:    elven_hall_of_blades_hangedman_original
          [nicolae_blade_entry_antechamber], layout_loops_cross, uniq_jorgrun
Elf:3:    elf_hall, layout_geoelf_castle, serial_shops, nicolae_shop_waterfront,
          nicolae_elf_altarnating
Vaults:1: nicolae_vaults_closet_pinwheel_4, grunt_vaults_hallway_short,
          nicolae_vaults_variable_pillar_hall, grunt_vaults_twisty,
          nicolae_vaults_quadrants, v_pattern_2,
          nicolae_vaults_layer_cake_slice, v_alt_pattern_6,
          nicolae_vaults_network_s, nicolae_vaults_trapezoid_lopsided_1,
          nicolae_vaults_closet_pinwheel_1, ontoclasm_vaults_hangar,
          nicolae_vaults_little_squares_4, nicolae_vaults_little_squares_4,
          layout_vaults_ring
Vaults:2: v_misc_12, v_misc_18, nicolae_vaults_trapezoid_lopsided_3,
          minmay_crypt_entry_necro_gods, nicolae_vaults_security_offices_1,
          vaults_mumra_minichess, nicolae_vaults_house_3,
          nicolae_vaults_mini_display_case, vaults_dpeg_diagonal,
          hangedman_vaults_impose, layout_vaults_quadrants, serial_shops,
          nicolae_shop_hallway_plus, uniq_sojobo, uniq_asterion
Vaults:3: v_misc_8, vaults_mumra_hexcomb, nicolae_vaults_diagonal_hallway_9,
          nicolae_vaults_trapezoid_2, nicolae_vaults_offset_grid_hallway_3,
          nicolae_vaults_stepped_doors, nicolae_vaults_angled_halls, v_misc_11,
          v_misc_29, nicolae_vaults_tetromino_L_2,
          nicolae_vaults_trapezoid_lopsided_1, v_misc_16,
          nicolae_vaults_sesquioval_fish, nicolae_vaults_specimen_jars,
          ontoclasm_vaults_chip, layout_vaults_omnibox, uniq_saint_roka
Vaults:4: nicolae_vaults_cornered_office, v_alt_pattern_6,
          nicolae_vaults_stairing_the_circle, nicolae_vaults_network_quincunx
          [nicolae_vaults_network_quincunx_subvault,
          nicolae_vaults_network_quincunx_subvault,
          nicolae_vaults_network_quincunx_subvault,
          nicolae_vaults_network_quincunx_subvault,
          nicolae_vaults_network_quincunx_subvault],
          nicolae_vaults_cornered_office, hangedman_vaults_maws,
          nicolae_vaults_tangram_1, nicolae_vaults_trapezoid_lopsided_4,
          vaults_room_pools, ontoclasm_vaults_ligature,
          nicolae_vaults_crenellated_ambush, layout_vaults_big_cross
Vaults:5: uniq_mara
Depths:1: layout_gridlike, rand_demon_pan_entry_9, hex_medium, hell_entry,
          eat_drink_and_be_merry_uskayaw, grunt_megastairs_3
Depths:2: gammafunk_sealed_library, layout_basic, enter_ziggurat_b,
          pf_hell_entry_tar_spiral, serial_shops, shop, kennysheep_mini_moat,
          nicolae_shop_bloodbath_and_beyond, nicolae_shop_trees,
          nicolae_shop_tiny_glass, enter_trove_3, nrook_mini_vaults,
          grunt_pan_entry_zigzag, columned_hall_lemuel
Depths:3: minmay_tile_spiral, layout_basic, hell_entry, abyss_entry,
          basic_altar, uniq_margery
Depths:4: grunt_bruiser_brothers, layout_gridlike, hell_entry, abyss_entry,
          nicolae_dithmenos_through_a_glass_darkly, uniq_boris
Zot:1:    layout_gridlike
Zot:2:    gammafunk_the_bubble [the_bubble_gammafunk_grid], layout_gridlike
Zot:3:    layout_misc_corridors, st_stairs_1
Zot:4:    layout_onion, st_single_dragon_hoard_4
Zot:5:    layout_gridlike

Skill      XL: |  1  2  3  4  5  6  7  8  9 10 11 12 13 14 15 16 17 18 19 20 21 22 23 24 25 26 |
---------------+-------------------------------------------------------------------------------+-----
Fighting       | 3 4 5 7 9 10 11 14 16 17 19 20 22 23 | 23.0
Maces & Flails | 2 3 4 5 7 10 12 15 16 | 16.0
Throwing       | 1 5 12 18 | 18.0
Armour         | 2 4 6 10 13 14 16 19 22 23 24 | 24.8
Evocations     | 1 4 8 10 | 10.0
Dodging        | 2 6 9 10 12 13 16 | 16.0
Shields        | 4 6 11 14 15 18 20 22 | 22.0
Stealth        | |  5.4

Action                     |  1- 3 |  4- 6 |  7- 9 | 10-12 | 13-15 | 16-18 | 19-21 | 22-24 | 25-27 || total
---------------------------+-------+-------+-------+-------+-------+-------+-------+-------+-------++-------
  Melee: Mace              |    48 |   184 |   116 |       |       |       |       |       |       ||   348
         Tailslap          |     4 |    30 |    62 |    41 |   283 |   153 |   547 |   531 |   243 ||  1894
         Punch             |     2 |     1 |     6 |     4 |       |       |       |       |       ||    13
         Peck              |     4 |    35 |    86 |    56 |   381 |   218 |   782 |   736 |   343 ||  2641
         Flail             |       |       |    66 |       |       |       |       |       |       ||    66
         Morningstar       |       |       |   293 |   284 |  1397 |   774 |   770 |       |       ||  3518
         Eveningstar       |       |       |       |       |       |       |  1726 |  2329 |  1116 ||  5171
  Throw: Dart              |       |       |     1 |     6 |     1 |       |       |    40 |    25 ||    73
         Boomerang         |       |       |       |     1 |     3 |       |       |       |       ||     4
         Javelin           |       |       |       |       |       |     5 |    40 |   143 |   123 ||   311
         Throwing net      |       |       |       |       |       |       |     2 |     5 |     1 ||     8
 Invoke: Serpent's Lash    |       |       |       |       |     4 |       |    17 |    28 |    15 ||    64
         Heavenly Storm    |       |       |       |       |       |       |     4 |     2 |     1 ||     7
Ability: Lunge             |     2 |    12 |    41 |    13 |    59 |    43 |    86 |    95 |    28 ||   379
         Whirlwind         |       |       |    12 |     5 |    65 |    14 |    39 |    29 |     6 ||   170
         Wall Jump         |       |       |       |       |       |       |     1 |     1 |       ||     2
         Evoke Invisibilit |       |       |       |       |       |       |       |     1 |       ||     1
  Evoke: Wand              |     2 |       |     2 |     5 |    35 |     2 |     8 |    12 |    38 ||   104
         Condenser vane    |       |       |       |       |       |       |     3 |     1 |       ||     4
    Use: Scroll            |     3 |     2 |     8 |     3 |    16 |     4 |    22 |    18 |     8 ||    84
         Potion            |     1 |     1 |       |     1 |     8 |     4 |    28 |    10 |    21 ||    74
   Stab: Distracted        |     1 |       |       |       |     1 |       |     1 |       |       ||     3
         Sleeping          |       |     2 |     3 |     3 |     5 |     1 |     1 |       |       ||    15
         Invisible         |       |       |       |       |     5 |       |     2 |     8 |       ||    15
         Petrified         |       |       |       |       |     2 |       |       |       |       ||     2
         Held in net/web   |       |       |       |       |       |       |       |     1 |     1 ||     2
 Armour: Leather armour    |    25 |       |       |       |       |       |       |       |       ||    25
         Ring mail         |    11 |    69 |    40 |   208 |    45 |       |    80 |       |       ||   453
         Chain mail        |       |       |   394 |       |    11 |   133 |  1190 |       |       ||  1728
         Scale mail        |       |       |       |       |  1005 |   391 |       |       |       ||  1396
         Gold dragon scale |       |       |       |       |       |       |   328 |  1393 |   517 ||  2238
  Dodge: Dodged            |    23 |    37 |    82 |    78 |   275 |   126 |   326 |   209 |    84 ||  1240
  Block: Other             |     5 |    26 |   136 |    83 |       |       |       |       |       ||   250
         Buckler           |       |       |       |    10 |   543 |   168 |       |       |       ||   721
         Tower shield      |       |       |       |       |       |   388 |  2408 |  2583 |   918 ||  6297
         Reflection        |       |       |       |       |       |       |    10 |    78 |    26 ||   114

Table legend: (Time is in decaauts)
 A = Elapsed time spent in this place.
 B = Non-inter-level travel time spent in this place.
 C = Inter-level travel time spent in this place.
 D = Time resting spent in this place.
 E = Time spent auto-exploring this place.
 F = Levels seen in this place.
 G = Mean time per level.
                   A        B        C        D        E       F      G
               +--------+--------+--------+--------+--------+-----+--------+
         Total |  77439 |  70492 |   6947 |  21987 |  29122 |  55 | 1408.0 |
       Dungeon |  17420 |  14445 |   2975 |   2393 |   8545 |  15 | 1161.3 |
          Lair |   8031 |   7382 |    649 |   1713 |   3825 |   5 | 1606.2 |
         Swamp |   5250 |   5098 |    152 |   2319 |   1613 |   4 | 1312.5 |
     Snake Pit |   9455 |   9038 |    417 |   3795 |   3478 |   4 | 2363.8 |
  Orcish Mines |   2072 |   1905 |    167 |    590 |    838 |   2 | 1036.0 |
   Elven Halls |   4229 |   4030 |    199 |    854 |   2181 |   3 | 1409.7 |
        Vaults |  12172 |  11038 |   1134 |   3664 |   4016 |   5 | 2434.4 |
        Depths |   9079 |   8150 |    929 |   3179 |   3067 |   4 | 2269.8 |
           Zot |   7398 |   7077 |    321 |   2757 |   1112 |   5 | 1479.6 |
         Abyss |    378 |    378 |      0 |      9 |      0 |   4 |   94.5 |
         Trove |     94 |     94 |      0 |      0 |      0 |   1 |   94.0 |
         Sewer |    827 |    827 |      0 |    145 |    365 |   1 |  827.0 |
       Ossuary |    736 |    736 |      0 |    349 |     82 |   1 |  736.0 |
      Ice Cave |    293 |    293 |      0 |    216 |      0 |   1 |  293.0 |
               +--------+--------+--------+--------+--------+-----+--------+

Top non-repeatable levels by time:
 Snake:4: 3513 daAuts
   Zot:5: 3108 daAuts
Vaults:5: 3104 daAuts
Vaults:1: 3008 daAuts
    D:14: 2796 daAuts
Depths:4: 2683 daAuts
 Snake:3: 2544 daAuts
Vaults:2: 2425 daAuts
Depths:3: 2413 daAuts
Depths:2: 2304 daAuts
  Lair:5: 2175 daAuts
 Snake:2: 2007 daAuts
Vaults:4: 1833 daAuts
Vaults:3: 1800 daAuts
  Lair:2: 1743 daAuts
